 Dungeon Crawl Stone Soup version 0.31.0-11-ge490571c62 (webtiles) character file.

Game seed: 14312571381101470985

21 DemonSlayer the Digger (level 2, -1/19 HPs)
             Began as a Demonspawn Earth Elementalist on Feb 3, 2024.
             Slain by Terence
             ... wielding a +0 flail
              (11 damage)
             ... on level 1 of the Dungeon.
             The game lasted 00:01:15 (806 turns).

DemonSlayer the Digger (DsEE)                        Turns: 806, Time: 00:01:16

Health: -1/19      AC:  2    Str:  8    XL:     2   Next: 65%
Magic:  13/14      EV: 12    Int: 17    God:
Gold:   19         SH:  0    Dex: 13    Spells: 4/5 levels left

rFire   . . .        k - +0 mace
rCold   . . .        (no shield)
rNeg    . . .        a - +0 robe
rPois   .            (no helmet)
rElec   .            (no cloak)
rCorr   .            (no gloves)
SInv    .            (no boots)
Will    .....        (no amulet)
Stlth   ++           c - ring of magical power
HPRegen 0.23/turn    (no ring)
MPRegen 0.14/turn

%: no passive effects
@: attractive
A: big brain 1
a: no special abilities


You were on level 1 of the Dungeon.
You visited 1 branch of the dungeon, and saw 2 of its levels.

You collected 19 gold pieces.

Inventory:

Hand Weapons
 k - a +0 mace (weapon)
Armour
 a - a +0 robe (worn)
Jewellery
 c - a ring of magical power (left hand)
Scrolls
 d - a scroll of blinking {unknown}
 e - a scroll of fear {unknown}
 g - a scroll of teleportation {unknown}
 h - a scroll of identify {unknown}
 i - a scroll of immolation {unknown}
Potions
 b - a potion of magic


   Skills:
 + Level 1.9 Dodging
 + Level 1.8 Stealth
 + Level 2.2 Spellcasting
 + Level 1.0 Conjurations
 + Level 3.3 Earth Magic


You had 4 spell levels left.
You knew the following spells:

 Your Spells              Type           Power      Damage    Failure   Level
a - Sandblast             Erth           26%        2d8       4%          1

Your spell library contained the following spells:

 Spells                   Type           Power      Damage    Failure   Level
 Passwall                 Erth           13%        N/A       14%         3
 Stone Arrow              Conj/Erth      18%        3d8       24%         3
 Brom's Barrelling Bould  Conj/Erth      9%         2d3       61%         4
 Petrify                  Alch/Erth      7%         N/A       67%         4


Dungeon Overview and Level Annotations

Branches:
Dungeon (2/15)

Altars:

Annotations:
D:1 Terence
D:2 Jessica


Innate Abilities, Weirdness & Mutations

You have an unusually large brain. (Int +2)


Message History

The jackal barks!
Terence barely misses you.
Jessica mumbles some strange words.
Jessica seems to speed up.
You climb upwards.
There is a stone staircase leading down here.
You hit Terence.
Terence is moderately wounded.
Terence says, "You're history."
Terence closely misses you.
You closely miss Terence.
Terence is moderately wounded.
Terence hits you with a +0 flail! Terence misses you.
You hit Terence.
Terence is moderately wounded.
Terence closely misses you.
You hit Terence but do no damage.
Terence is moderately wounded.
Terence hits you with a +0 flail. Terence barely misses you.
You hit Terence.
Terence is heavily wounded.
Terence barely misses you.
It was a potion of attraction.
You feel attractive to monsters. Terence barely misses you.
It was a potion of heal wounds.
You feel much better. Terence hits you with a +0 flail!
Ouch! That really hurt!
You closely miss Terence.
Terence is moderately wounded.
Terence misses you.
You closely miss Terence.
Terence is moderately wounded.
Terence misses you. Terence closely misses you.
You closely miss Terence.
Terence is moderately wounded.
Terence hits you with a +0 flail!
Ouch! That really hurt!
You die...
Terence says, "Time to find some more victims."

##.# #.####...## ...# #.# ##.##
#### #.# #.# # #.# #.# ######
#####.#####.# .....#
#........##.# ####.#
#.###.##.##.# ..##.######### #.#
#.##.##.# ..÷..........###@#
#.##.##.#
.....÷.........@.###.##.##†#
#.##.######..######.#.#.##†#
#.##.# ##.........###.....######
#.##.####.....#####.#.#..........
#..............#####.############
.....####............# ######
##...######### ##.##


You could see Terence.

Vanquished Creatures
  2 ball pythons (D:1)
  3 bats (D:1)
  2 endoplasms (D:1)
  2 giant cockroaches (D:1)
  3 jackals (D:1)
  A quokka (D:1)
  A frilled lizard (D:1)
  2 kobolds (D:1)
  4 rats
20 creatures vanquished.

Notes
Turn   | Place    | Note
-------+----------+-------------------------------------------
     0 | D:1      | DemonSlayer the Demonspawn Earth Elementalist began the
                  | quest for the Orb.
     0 | D:1      | Reached XP level 1. HP: 13/13 MP: 3/3
   243 | D:1      | Reached skill level 3 in Earth Magic
   246 | D:1      | Gained mutation: You have an unusually large brain. (Int
                  | +2) [demonic ancestry]
   246 | D:1      | Reached XP level 2. HP: 19/19 MP: 4/5
   791 | D:2      | Noticed Terence
   793 | D:2      | Noticed Jessica
   806 | D:1      | Slain by Terence

Illustrated notes

Levels and vault maps discovered:
D:1:      dpeg_arrival_rooms_a, layout_loops_ring
D:2:      layout_rooms, basic_altar, minmay_misc_feat_nine_boxes, uniq_terence,
          uniq_jessica

Skill      XL: |  1 |
---------------+----+-----
Earth Magic    | 3 |  3.3
Dodging        | |  1.9
Stealth        | |  1.8
Spellcasting   | |  2.2
Conjurations   | |  1.0

Action                     || total
---------------------------++-------
  Melee: Mace              ||     9
   Cast: Sandblast         ||    26
    Use: Potion            ||     2
 Armour: Robe              ||     9
  Dodge: Dodged            ||    20
